 Dungeon Crawl Stone Soup version 0.31-a0-859-g9dce7d3444 (webtiles) character file.

Game seed: 10183932966871284268

502 Dirtsage the Ruffian (level 7, -6/43 HPs)
             Began as an Octopode Shapeshifter on Oct 9, 2023.
             Mangled by an ogre
             ... wielding a +0 giant club
              (28 damage)
             ... on level 5 of the Dungeon.
             The game lasted 00:04:36 (3197 turns).

Dirtsage the Ruffian (Octopode Shapeshifter)        Turns: 3197, Time: 00:04:37

Health: -6/43      AC:  1    Str: 15    XL:     7   Next: 17%
Magic:  16/16      EV: 13    Int: 12    God:
Gold:   168        SH:  0    Dex: 14    Spells: 6/6 levels left

rFire   . .          .
                       - Unarmed
rCold   . . .        (no shield)
rNeg    . . .        (helmet currently unavailable)
rPois   .            (no amulet)
rElec   +            g - ring "Mavuj" {rElec MP+9 Dex+2}
rCorr   .            (no ring)
SInv    .            (no ring)
Will    .....        (no ring)
Stlth   ++           (no ring)
HPRegen 0.27/turn    (no ring)
MPRegen 0.15/turn    (no ring)
                     (no ring)

%: no passive effects
@: beast-form
A: beast (slay +3), almost no armour, amphibious, 8 rings, camouflage 1,
gelatinous body 1, (nimble swimmer 1), tentacles
a: Begin Untransformation


You were on level 5 of the Dungeon.
You were a hulking beast.
You visited 1 branch of the dungeon, and saw 5 of its levels.

You collected 168 gold pieces.

Inventory:

Magical Staves
 f - a staff of poison
Jewellery
 g - the ring "Mavuj" (left tentacle) {rElec MP+9 Dex+2}
   (You found it on level 3 of the Dungeon)

   [ring of magical power]

   Dex+2:     It affects your dexterity (+2).
   rElec:     It insulates you from electricity.
   MP+9:      It affects your magic capacity (+9).
Talismans
 b - a beast talisman (active)
 c - a flux talisman
Scrolls
 d - 2 scrolls of fog
 e - 2 scrolls of torment
 i - a scroll of revelation
 j - a scroll of immolation
 k - a scroll of summoning
Potions
 a - a potion of lignification
 h - a potion of haste
 l - a potion of mutation


   Skills:
 - Level 1.0 Fighting
 - Level 2.0 Dodging
 + Level 5.9 Unarmed Combat
 + Level 5.6 Shapeshifting


You had 6 spell levels left.
You didn't know any spells.
Your spell library contained the following spells:

 Spells                   Type           Power      Damage    Failure   Level
 Hailstorm                Conj/Ice       0%         3d3       69%         3
 Summon Ice Beast         Ice/Summ       0%         N/A       97%         4
 Simulacrum               Ice/Necr       0%         N/A       100%        6


Dungeon Overview and Level Annotations

Branches:
Dungeon (5/15)
 Temple: D:4-7

Altars:


Innate Abilities, Weirdness & Mutations

You are a hulking beast.
Your limbs bulge with bestial killing power. (Slay +3)
You cannot wear most types of armour.
You are amphibious.
You can wear up to eight rings at the same time.
Your skin changes colour to match your surroundings (Stealth+).
Your rubbery body absorbs attacks. (AC +1, EV +1)
((You are camouflaged when in or above water. (Stealth+)))
You have tentacles for arms and can constrict up to eight enemies at once.


Message History

There is an escape hatch in the floor here.
The gnoll misses you.
You slide downwards.
The hatch slams shut behind you.
You tentacle-slap the gnoll. You grab the gnoll. Your squeeze misses the gnoll.
The gnoll is heavily wounded.
You constrict the gnoll. The gnoll closely misses you.
You tentacle-slap the gnoll. You squeeze the gnoll.
You kill the gnoll!
The gnoll barely misses you.
You barely miss the gnoll. You grab the gnoll. You squeeze the gnoll!
The gnoll is heavily wounded.
You constrict the gnoll. The gnoll closely misses you.
You tentacle-slap the gnoll. You squeeze the gnoll.
You kill the gnoll!
You start resting.
HP restored.
Health restored: 43 You now have 168 gold pieces (gained 7).
A dart slug comes into view.
A dart slug is nearby!
A dart slug is nearby!
You see here a scroll of revelation.
You bludgeon the dart slug!
You kill the dart slug!
No target in view!
i - a scroll of revelation An ogre comes into view.
It is wielding a +0 giant club.
You tentacle-slap the ogre.
The ogre is lightly wounded.
The ogre hits you with a +0 giant club!!
You take 21 damage, and have 22/43 hp.
MASSIVE DAMAGE!!
You are too injured to fight recklessly!
You are too injured to fight recklessly!
You barely miss the ogre.
The ogre is lightly wounded.
You bludgeon the ogre!
The ogre is heavily wounded.
The ogre hits you with a +0 giant club!!
Ouch! That really hurt!
You die...

.# .# ####.##
..... #.#.#
#)####)#.#
#........#.#
#..hO..# #..#####
#..##
.####...######.#
................#
.................
...###....##.###
.. #.#..##.# .
#.......#


You could see an ogre.

Vanquished Creatures
  Grinder (D:3)
  A black bear (D:4)
  A gnoll bouda (D:4)
  8 gnolls
  3 adders
  A worm (D:2)
  4 dart slugs
  4 orcs
  5 ball pythons
  5 endoplasms
  10 goblins
  7 hobgoblins
  11 jackals (D:1)
  2 quokkas
  9 bats
  3 frilled lizards
  5 kobolds
  4 rats
84 creatures vanquished.

Notes
Turn   | Place    | Note
-------+----------+-------------------------------------------
     0 | D:1      | Dirtsage the Octopode Shapeshifter began the quest for the
                  | Orb.
     0 | D:1      | Reached XP level 1. HP: 13/13 MP: 1/1
   160 | D:1      | Reached XP level 2. HP: 13/18 MP: 2/2
   362 | D:1      | Reached XP level 3. HP: 20/23 MP: 3/3
   890 | D:1      | Reached XP level 4. HP: 15/28 MP: 4/4
  1536 | D:3      | Found a faded altar of an unknown god.
  1544 | D:3      | Reached XP level 5. HP: 33/33 MP: 5/5
  1943 | D:3      | Noticed Grinder
  1953 | D:3      | Paralysed by Grinder for 4 turns
  1973 | D:3      | Killed Grinder
  1974 | D:3      | Reached skill level 5 in Unarmed Combat
  1974 | D:3      | Reached skill level 5 in Shapeshifting
  1974 | D:3      | Reached XP level 6. HP: 10/38 MP: 6/6
  2136 | D:3      | Identified the ring "Mavuj" {rElec MP+9 Dex+2}
  2698 | D:4      | Noticed a black bear
  2722 | D:4      | Killed a black bear
  2838 | D:4      | Reached XP level 7. HP: 24/43 MP: 7/7
  3037 | D:5      | Entered Level 5 of the Dungeon
  3197 | D:5      | Mangled by an ogre

Illustrated notes

Levels and vault maps discovered:
D:1:      dpeg_arrival_lava_altar, layout_basic
D:2:      cheibrodos_old_hovel, layout_rooms, minmay_hexomino_c4
D:3:      layout_basic, dreamdust_ecumenical_altar_grove, grunt_ministairs_8,
          dk_noncrumbling_2, uniq_grinder
D:4:      layout_rooms, mainiacjoe_overflow_swirl, uniq_robin
D:5:      layout_loops_corners, okawaru_altar_gauntlet_db,
          minmay_temple_entry_from_below_a, uniq_ijyb

Skill      XL: |  1  2  3  4  5 |
---------------+----------------+-----
Unarmed Combat | 4 5 |  5.9
Shapeshifting  | 4 5 |  5.6
Fighting       | |  1.0
Dodging        | |  2.0

Action                     |  1- 3 |  4- 6 |  7- 9 || total
---------------------------+-------+-------+-------++-------
  Melee: Unarmed           |    52 |    91 |    21 ||   164
         Constrict         |    16 |    16 |     7 ||    39
         Tentacles         |    13 |    17 |     8 ||    38
         Punch             |     2 |     4 |       ||     6
    Use: Scroll            |     2 |     6 |     5 ||    13
         Potion            |       |     1 |       ||     1
   Stab: Sleeping          |     3 |     7 |       ||    10
         Distracted        |       |     1 |       ||     1
 Armour: Skin              |    18 |    41 |    10 ||    69
  Dodge: Dodged            |    23 |    44 |    13 ||    80

Table legend: (Time is in decaauts)
 A = Elapsed time spent in this place.
 B = Non-inter-level travel time spent in this place.
 C = Inter-level travel time spent in this place.
 D = Time resting spent in this place.
 E = Time spent auto-exploring this place.
 F = Levels seen in this place.
 G = Mean time per level.
                   A        B        C        D        E       F      G
               +--------+--------+--------+--------+--------+-----+--------+
         Total |   3183 |   3116 |     67 |    393 |   2198 |   5 |  636.6 |
       Dungeon |   3183 |   3116 |     67 |    393 |   2198 |   5 |  636.6 |
               +--------+--------+--------+--------+--------+-----+--------+

Top non-repeatable levels by time:
     D:3: 1147 daAuts
     D:1: 799 daAuts
     D:2: 726 daAuts
     D:4: 350 daAuts
     D:5: 158 daAuts
